Jets vs Blues

Created - 1 mars 2018 at 21:36

Goals
1 2 3 T
Jets 1 0 0 1
Blues 1 1 0 2
Shots
1 2 3 T
Jets 12 10 11 33
Blues 12 4 4 20

1st period

1. Jets , Mikko Koivu 27 (Cam Atkinson 49) at 6:32 (PP)
2. Blues , Rick Nash 30 (Brian Gionta 30, Mike Fisher 42) at 7:32

Penalties :
Brock Nelson (WPG) for High sticking (Minor) at 1:05, Cal Clutterbuck (STL) for High sticking (Minor) at 6:18

2nd period

3. Blues , Brian Gionta 11 (Jiri Hudler 11, Carl Gunnarsson 12) at 2:19

Penalties :
John-Michael Liles (STL) for Hooking (Minor) at 0:25, Nick Holden (WPG) for Hooking (Minor) at 0:30, Jordie Benn (WPG) for Roughing (Minor) at 4:42, Niklas Kronwall (STL) for Tripping (Minor) at 9:13, Brock Nelson (WPG) for Hooking (Minor) at 13:20

3rd period

No Goal

Penalties :
Mike Fisher (STL) for Hooking (Minor) at 0:07, Bryan Rust (WPG) for Interference (Minor) at 11:09

Goalie Stats

Keith Kinkaid (WPG), 18 saves from 20 shots - (0.900), L, 11-5-0, 59:27 minutes
Ryan Miller (STL), 32 saves from 33 shots - (0.970), W, 22-19-5, 60:00 minutes

Players Stats for Jets

Player Name              G  A  P  +/- PIM S  H  SB GA TA FO     MP     PP MP  PK MP  
------------------------------------------------------------------------------------
Brock Nelson             0  0  0   0  4   2  0  0  0  0  1/3    14:36   0:00   0:39 
Bryan Rust               0  0  0   0  2   0  0  0  0  0  0/0     3:53   0:00   0:00 
Cam Atkinson             0  1  1   0  0   9  0  0  0  0  1/2    18:24   2:32   0:00 
Connor Carrick           0  0  0   0  0   0  0  1  0  0  0/0     5:07   0:00   0:23 
Frans Nielsen            0  0  0  -1  0   0  2  0  0  0  10/20  17:46   1:45   3:03 
Hampus Lindholm          0  0  0   0  0   2  2  1  0  0  0/0    23:50   2:49   3:57 
Jamie Benn               0  0  0  -1  0   2  1  0  0  0  1/2    20:13   2:32   0:00 
Jeff Skinner             0  0  0  -1  0   3  0  1  0  0  1/1    18:16   1:45   0:29 
Jonas Brodin             0  0  0   0  0   0  2  0  0  0  0/0    18:45   1:28   0:00 
Jordie Benn              0  0  0  -1  2   0  4  1  0  0  0/0    18:08   0:24   2:36 
Marian Hossa             0  0  0   0  0   2  1  0  0  0  0/0    17:32   0:00   4:23 
Matt Irwin               0  0  0   0  0   1  1  0  0  0  0/0    12:17   0:00   1:49 
Mika Zibanejad           0  0  0   0  0   2  1  0  0  0  7/13   16:14   0:00   3:05 
Mikko Koivu              1  0  1  -1  0   3  0  0  0  0  18/28  20:13   2:32   0:00 
Nick Holden              0  0  0  -1  2   2  1  1  0  0  0/0    20:56   2:24   3:16 
Radek Faksa              0  0  0   0  0   0  1  0  0  0  5/12    8:13   0:00   4:19 
Rickard Rakell           0  0  0  -1  0   5  2  0  0  0  1/2    14:42   1:45   0:04 
Tobias Enstrom           0  0  0  -2  0   0  0  0  0  0  0/0    20:55   1:28   4:01 

Players Stats for Blues

Player Name              G  A  P  +/- PIM S  H  SB GA TA FO     MP     PP MP  PK MP  
------------------------------------------------------------------------------------
Adam Cracknell           0  0  0   0  0   1  2  0  0  0  1/4    10:33   0:00   1:33 
Braydon Coburn           0  0  0   1  0   0  2  1  0  0  0/0    20:50   3:26   1:51 
Brian Flynn              0  0  0   0  0   0  0  0  0  0  8/20   11:02   0:40   0:54 
Brian Gionta             1  1  2   2  0   2  0  0  0  0  0/0    24:03   5:06   3:28 
Cal Clutterbuck          0  0  0   0  2   1  5  0  0  0  5/9    14:30   4:00   0:00 
Carl Gunnarsson          0  1  1   1  0   1  1  0  0  0  0/0    15:19   0:48   0:53 
Chris Wideman            0  0  0   0  0   0  2  2  0  0  0/0    15:41   0:00   0:44 
Dwight King              0  0  0   0  0   2  1  0  0  0  0/2    16:48   2:55   0:15 
Jacob Josefson           0  0  0   0  0   0  0  0  0  0  4/6     8:26   0:00   0:00 
Jay McClement            0  0  0   0  0   2  2  0  0  0  7/17   16:33   2:55   0:00 
Jiri Hudler              0  1  1   1  0   2  1  0  0  0  1/2     9:23   0:26   0:00 
John-Michael Liles       0  0  0   0  2   0  0  1  0  0  0/0    20:00   3:26   1:51 
Johnny Boychuk           0  0  0   1  0   2  2  2  0  0  0/0    23:45   4:35   1:53 
Kris Versteeg            0  0  0   0  0   1  0  0  0  0  1/2    17:34   2:55   0:20 
Michael Raffl            0  0  0   0  0   2  0  0  0  0  0/0     9:28   0:00   0:00 
Mike Fisher              0  1  1   1  2   1  2  0  0  0  11/21  15:59   0:00   1:44 
Niklas Kronwall          0  0  0   1  2   0  1  0  0  0  0/0    23:49   3:47   1:22 
Rick Nash                1  0  1   1  0   3  0  0  0  0  0/0    20:02   5:06   0:20 

3 Stars

1 - Ryan Miller (STL)
2 - Brian Gionta (STL)
3 - Rick Nash (STL)

Power Play

Jets - 1 on 4 Attempt(s) - 25.00%
Blues - 0 on 5 Attempt(s) - 0.00%

Penalty Kill

Jets - 5 on 5 Attempt(s) - 100.00% - Score 0 goal in Penalty Kill
Blues - 3 on 4 Attempt(s) - 75.00% - Score 0 goal in Penalty Kill

Team Stat

Jets - Hits : 18 - Faceoff Wins : 45 - Blocked Shots : 5 - Penalty Minutes : 10
Blues - Hits : 21 - Faceoff Wins : 38 - Blocked Shots : 6 - Penalty Minutes : 8

Official

Referees : Kevin Pollock and Kyle Rehman
Linesman : Jonny Murray and Ryan Gibbons

Game Notes

No Game Note

Finance

Level 1 -- Attendance: 5672 (87.26%) -- Ticket Income 572 872 $
Level 2 -- Attendance: 3768 (75.36%) -- Ticket Income 320 280 $
Level 3 -- Attendance: 3181 (90.89%) -- Ticket Income 190 860 $
Level 4 -- Attendance: 2192 (69.59%) -- Ticket Income 98 640 $
Luxury Box -- Attendance: 1000 (100.00%) -- Ticket Income 200 000 $
Game was played at the Scottrade Center.
Total Attendance: 15813 (82.57%)
Total Ticket Income: 1 382 652 $
Other Income: 207 398 $
Total Income: 1 590 050 $

% Time on Ice - Jets

Lines # - Real PCT - Wanted PCT - Time Play
Normal Forward
1 - 33% - 35% - 15:02
2 - 29% - 34% - 12:53
3 - 29% - 22% - 13:09
4 - 9% - 9% - 3:54
Normal Defense
1 - 37% - 40% - 16:48
2 - 32% - 30% - 14:26
3 - 22% - 20% - 10:03
4 - 8% - 10% - 3:41
PP Forward
1 - 59% - 60% - 2:32
2 - 41% - 40% - 1:45
PP Defense
1 - 66% - 60% - 2:49
2 - 34% - 40% - 1:28
PK Forward
1 - 64% - 60% - 5:10
2 - 36% - 40% - 2:51
PK Defense
1 - 52% - 60% - 4:11
2 - 48% - 40% - 3:50
PK3 Forward
1 - 0% - 60%
2 - 0% - 40%
PK3 Defense
1 - 0% - 60%
2 - 0% - 40%
44 Forward
1 - 96% - 60% - 1:49
2 - 4% - 40% - 0:05
44 Defense
1 - 25% - 60% - 0:29
2 - 75% - 40% - 1:25
Last Minute Offensive  - 0:50
Last Minute Defensive  - 0:00
Total
Forward - 60:00
Defense - 60:00

% Time on Ice - Blues

Lines # - Real PCT - Wanted PCT - Time Play
Normal Forward
1 - 31% - 40% - 13:55
2 - 30% - 30% - 13:38
3 - 21% - 20% - 9:28
4 - 19% - 10% - 8:26
Normal Defense
1 - 36% - 40% - 16:16
2 - 32% - 30% - 14:44
3 - 30% - 20% - 13:28
4 - 2% - 10% - 0:59
PP Forward
1 - 64% - 60% - 5:06
2 - 36% - 40% - 2:55
PP Defense
1 - 57% - 60% - 4:35
2 - 43% - 40% - 3:26
PK Forward
1 - 92% - 60% - 3:57
2 - 8% - 40% - 0:20
PK Defense
1 - 44% - 60% - 1:53
2 - 56% - 40% - 2:24
PK3 Forward
1 - 0% - 60%
2 - 0% - 40%
PK3 Defense
1 - 0% - 60%
2 - 0% - 40%
44 Forward
1 - 64% - 60% - 1:13
2 - 36% - 40% - 0:41
44 Defense
1 - 57% - 60% - 1:05
2 - 43% - 40% - 0:49
Last Minute Offensive  - 0:00
Last Minute Defensive  - 0:21
Total
Forward - 60:00
Defense - 60:00

Play by Play

1st period


0:01 of 1st period - Mike Fisher wins face-off versus Mikko Koivu in neutral zone.
0:22 of 1st period - Shot by Cam Atkinson.
0:22 of 1st period - Shot Misses the Net.
0:24 of 1st period - Shot by Hampus Lindholm.
0:24 of 1st period - Stopped by Ryan Miller without a rebound.
0:25 of 1st period - Jay McClement wins face-off versus Frans Nielsen in Blues zone.
0:36 of 1st period - Shot by Dwight King.
0:36 of 1st period - Stopped by Keith Kinkaid without a rebound.
0:37 of 1st period - Brian Flynn wins face-off versus Mika Zibanejad in Jets zone.
0:40 of 1st period - Shot by Cal Clutterbuck.
0:40 of 1st period - Stopped by Keith Kinkaid without a rebound.
0:41 of 1st period - Mika Zibanejad wins face-off versus Brian Flynn in Jets zone.
0:45 of 1st period - Icing by Brock Nelson.
0:46 of 1st period - Mika Zibanejad wins face-off versus Jiri Hudler in Jets zone.
0:46 of 1st period - Mika Zibanejad is hit by Adam Cracknell.
1:05 of 1st period - Minor Penalty to Brock Nelson for High sticking.
1:06 of 1st period - Cal Clutterbuck wins face-off versus Radek Faksa in Jets zone.
1:23 of 1st period - Nick Holden is hit by Cal Clutterbuck and loses puck.
1:40 of 1st period - Shot by Rick Nash.
1:40 of 1st period - Stopped by Keith Kinkaid without a rebound.
1:41 of 1st period - Jay McClement wins face-off versus Frans Nielsen in Jets zone.
2:06 of 1st period - Shot by Johnny Boychuk.
2:06 of 1st period - Stopped by Keith Kinkaid without a rebound.
2:07 of 1st period - Cal Clutterbuck wins face-off versus Radek Faksa in Jets zone.
2:26 of 1st period - Shot by Rick Nash.
2:26 of 1st period - Shot Misses the Net.
2:28 of 1st period - Shot by Cal Clutterbuck.
2:28 of 1st period - Shot Misses the Net.
3:11 of 1st period - Shot by Jacob Josefson.
3:11 of 1st period - Shot Misses the Net.
3:22 of 1st period - Jiri Hudler is hit by Jordie Benn and loses puck.
4:40 of 1st period - Icing by Rickard Rakell.
4:41 of 1st period - Mike Fisher wins face-off versus Frans Nielsen in Jets zone.
5:29 of 1st period - Icing by Braydon Coburn.
5:30 of 1st period - Mika Zibanejad wins face-off versus Mike Fisher in Blues zone.
5:37 of 1st period - Shot by Brock Nelson.
5:37 of 1st period - Shot Misses the Net.
5:39 of 1st period - Shot by Matt Irwin.
5:39 of 1st period - Shot Misses the Net.
5:41 of 1st period - Shot by Marian Hossa.
5:41 of 1st period - Stopped by Ryan Miller with a rebound.
5:43 of 1st period - Shot by Matt Irwin.
5:43 of 1st period - Stopped by Ryan Miller without a rebound.
5:44 of 1st period - Brian Flynn wins face-off versus Mika Zibanejad in Blues zone.
6:18 of 1st period - Minor Penalty to Cal Clutterbuck for High sticking.
6:19 of 1st period - Cam Atkinson wins face-off versus Mike Fisher in Blues zone.
6:30 of 1st period - Shot by Mikko Koivu.
6:30 of 1st period - Deflect By Cam Atkinson.
6:30 of 1st period - Stopped by Ryan Miller with a rebound.
6:32 of 1st period - Shot by Mikko Koivu.
6:32 of 1st period - Goal by Mikko Koivu - Jets : 1 - Blues : 0.
6:33 of 1st period - Frans Nielsen wins face-off versus Dwight King in neutral zone.
6:43 of 1st period - Shot by Kris Versteeg.
6:43 of 1st period - Deflect By Jay McClement.
6:43 of 1st period - Stopped by Keith Kinkaid without a rebound.
6:44 of 1st period - Mikko Koivu wins face-off versus Jacob Josefson in Jets zone.
7:00 of 1st period - Icing by Braydon Coburn.
7:01 of 1st period - Jacob Josefson wins face-off versus Frans Nielsen in Blues zone.
7:20 of 1st period - Icing by Tobias Enstrom.
7:21 of 1st period - Jeff Skinner wins face-off versus Mike Fisher in Jets zone.
7:32 of 1st period - Shot by Rick Nash.
7:32 of 1st period - Goal by Rick Nash - Jets : 1 - Blues : 1.
7:33 of 1st period - Jamie Benn wins face-off versus Jay McClement in neutral zone.
7:40 of 1st period - Off-side.
7:41 of 1st period - Mike Fisher wins face-off versus Mikko Koivu in neutral zone.
9:03 of 1st period - Icing by Hampus Lindholm.
9:04 of 1st period - Brian Flynn wins face-off versus Cam Atkinson in Jets zone.
9:13 of 1st period - Shot by Michael Raffl.
9:13 of 1st period - Stopped by Keith Kinkaid without a rebound.
9:14 of 1st period - Frans Nielsen wins face-off versus Jacob Josefson in Jets zone.
9:14 of 1st period - Frans Nielsen is hit by Jiri Hudler.
9:40 of 1st period - Shot by Adam Cracknell.
9:40 of 1st period - Stopped by Keith Kinkaid with a rebound.
10:25 of 1st period - Shot by Mika Zibanejad.
10:25 of 1st period - Stopped by Ryan Miller without a rebound.
10:26 of 1st period - Radek Faksa wins face-off versus Jay McClement in Blues zone.
10:52 of 1st period - Shot by Kris Versteeg.
10:52 of 1st period - Shot Blocked by Jeff Skinner.
11:16 of 1st period - Shot by Michael Raffl.
11:16 of 1st period - Stopped by Keith Kinkaid without a rebound.
11:17 of 1st period - Mike Fisher wins face-off versus Mika Zibanejad in Jets zone.
11:21 of 1st period - Brian Gionta is hit by Nick Holden and loses puck.
13:32 of 1st period - Jay McClement is hit by Jordie Benn and loses puck.
13:48 of 1st period - Jeff Skinner is hit by Carl Gunnarsson and loses puck.
14:02 of 1st period - Mika Zibanejad is hit by Chris Wideman and loses puck.
14:31 of 1st period - Adam Cracknell is hit by Marian Hossa and loses puck.
14:44 of 1st period - Shot by Jamie Benn.
14:44 of 1st period - Shot Misses the Net.
14:46 of 1st period - Shot by Cam Atkinson.
14:46 of 1st period - Stopped by Ryan Miller without a rebound.
14:47 of 1st period - Jay McClement wins face-off versus Mikko Koivu in Blues zone.
14:49 of 1st period - Icing by Dwight King.
14:50 of 1st period - Mikko Koivu wins face-off versus Jay McClement in Blues zone.
14:55 of 1st period - Shot by Cam Atkinson.
14:55 of 1st period - Stopped by Ryan Miller without a rebound.
14:56 of 1st period - Jacob Josefson wins face-off versus Jamie Benn in Blues zone.
14:56 of 1st period - Jacob Josefson is hit by Jamie Benn.
15:01 of 1st period - Off-side.
15:02 of 1st period - Mikko Koivu wins face-off versus Jay McClement in neutral zone.
15:07 of 1st period - Shot by Jamie Benn.
15:07 of 1st period - Shot Hit the Post.
15:15 of 1st period - Shot by Dwight King.
15:15 of 1st period - Stopped by Keith Kinkaid without a rebound.
15:16 of 1st period - Brian Flynn wins face-off versus Mika Zibanejad in Jets zone.
15:33 of 1st period - Shot by Marian Hossa.
15:33 of 1st period - Shot Misses the Net.
15:39 of 1st period - Shot by Brock Nelson.
15:39 of 1st period - Stopped by Ryan Miller without a rebound.
15:40 of 1st period - Frans Nielsen wins face-off versus Dwight King in Blues zone.
15:53 of 1st period - Hampus Lindholm is hit by Jay McClement and loses puck.
16:32 of 1st period - Shot by Brian Gionta.
16:32 of 1st period - Shot Misses the Net.
16:34 of 1st period - Shot by Carl Gunnarsson.
16:34 of 1st period - Stopped by Keith Kinkaid without a rebound.
16:35 of 1st period - Mikko Koivu wins face-off versus Brian Flynn in Jets zone.
16:42 of 1st period - Shot by Cam Atkinson.
16:42 of 1st period - Stopped by Ryan Miller without a rebound.
16:43 of 1st period - Mike Fisher wins face-off versus Mikko Koivu in Blues zone.
17:50 of 1st period - Brian Flynn is hit by Mika Zibanejad and loses puck.
18:05 of 1st period - Shot by Mika Zibanejad.
18:05 of 1st period - Shot Misses the Net.
18:19 of 1st period - Brian Flynn is hit by Frans Nielsen and loses puck.
18:26 of 1st period - Shot by Rickard Rakell.
18:26 of 1st period - Stopped by Ryan Miller without a rebound.
18:27 of 1st period - Jay McClement wins face-off versus Radek Faksa in Blues zone.
18:42 of 1st period - Shot by Kris Versteeg.
18:42 of 1st period - Shot Misses the Net.
18:44 of 1st period - Shot by Jay McClement.
18:44 of 1st period - Shot Misses the Net.
18:46 of 1st period - Shot by Kris Versteeg.
18:46 of 1st period - The goal is going for a video replay.
18:46 of 1st period - The goal is refused.
18:47 of 1st period - Mike Fisher wins face-off versus Mikko Koivu in Jets zone.
19:55 of 1st period - Shot by Rickard Rakell.
19:55 of 1st period - Stopped by Ryan Miller without a rebound.
19:56 of 1st period - Mika Zibanejad wins face-off versus Jay McClement in Blues zone.
Goals for this period are 1 for Jets vs 1 for Blues.
Shots for this period are 12 for Jets vs 12 for Blues.

2nd period


0:01 of 2nd period - Frans Nielsen wins face-off versus Jay McClement in neutral zone.
0:12 of 2nd period - Shot by Jeff Skinner.
0:12 of 2nd period - Shot Misses the Net.
0:14 of 2nd period - Shot by Hampus Lindholm.
0:14 of 2nd period - Stopped by Ryan Miller without a rebound.
0:15 of 2nd period - Mikko Koivu wins face-off versus Mike Fisher in Blues zone.
0:25 of 2nd period - Minor Penalty to John-Michael Liles for Hooking.
0:26 of 2nd period - Mikko Koivu wins face-off versus Mike Fisher in Blues zone.
0:29 of 2nd period - Shot by Nick Holden.
0:29 of 2nd period - Stopped by Ryan Miller without a rebound.
0:30 of 2nd period - Mike Fisher wins face-off versus Mikko Koivu in Blues zone.
0:30 of 2nd period - Minor Penalty to Nick Holden for Hooking.
0:31 of 2nd period - Mikko Koivu wins face-off versus Cal Clutterbuck in Jets zone.
0:31 of 2nd period - Hampus Lindholm is hit by Cal Clutterbuck and loses puck.
0:51 of 2nd period - Brian Gionta is hit by Hampus Lindholm and loses puck.
0:54 of 2nd period - Shot by Johnny Boychuk.
0:54 of 2nd period - Stopped by Keith Kinkaid without a rebound.
0:55 of 2nd period - Mikko Koivu wins face-off versus Cal Clutterbuck in Jets zone.
1:24 of 2nd period - Shot by Brian Gionta.
1:24 of 2nd period - Shot Misses the Net.
1:57 of 2nd period - Rick Nash is hit by Jordie Benn and loses puck.
2:17 of 2nd period - Shot by Jiri Hudler.
2:17 of 2nd period - Shot Misses the Net.
2:19 of 2nd period - Shot by Brian Gionta.
2:19 of 2nd period - Goal by Brian Gionta - Jets : 1 - Blues : 2.
2:20 of 2nd period - Cal Clutterbuck wins face-off versus Frans Nielsen in neutral zone.
2:38 of 2nd period - Adam Cracknell is hit by Jonas Brodin and loses puck.
2:49 of 2nd period - Shot by Rickard Rakell.
2:49 of 2nd period - Shot Misses the Net.
2:51 of 2nd period - Shot by Jeff Skinner.
2:51 of 2nd period - Shot Misses the Net.
2:55 of 2nd period - Shot by Jeff Skinner.
2:55 of 2nd period - Shot Blocked by Chris Wideman.
3:15 of 2nd period - Shot by Brock Nelson.
3:15 of 2nd period - Stopped by Ryan Miller without a rebound.
3:16 of 2nd period - Brock Nelson wins face-off versus Mike Fisher in Blues zone.
3:17 of 2nd period - Shot by Nick Holden.
3:17 of 2nd period - Shot Blocked by Johnny Boychuk.
3:23 of 2nd period - Nick Holden is hit by Mike Fisher and loses puck.
3:34 of 2nd period - Shot by Mike Fisher.
3:34 of 2nd period - Stopped by Keith Kinkaid without a rebound.
3:35 of 2nd period - Jay McClement wins face-off versus Radek Faksa in Jets zone.
4:26 of 2nd period - Shot by Mika Zibanejad.
4:26 of 2nd period - Stopped by Ryan Miller without a rebound.
4:27 of 2nd period - Mikko Koivu wins face-off versus Mike Fisher in Blues zone.
4:28 of 2nd period - Shot by Jamie Benn.
4:28 of 2nd period - Stopped by Ryan Miller without a rebound.
4:29 of 2nd period - Mikko Koivu wins face-off versus Mike Fisher in Blues zone.
4:42 of 2nd period - Minor Penalty to Jordie Benn for Roughing.
4:43 of 2nd period - Cal Clutterbuck wins face-off versus Radek Faksa in Jets zone.
4:48 of 2nd period - Shot by Niklas Kronwall.
4:48 of 2nd period - Deflect By Rick Nash.
4:48 of 2nd period - Shot Misses the Net.
5:14 of 2nd period - Shot by Brian Gionta.
5:14 of 2nd period - Stopped by Keith Kinkaid without a rebound.
5:15 of 2nd period - Radek Faksa wins face-off versus Jay McClement in Jets zone.
5:35 of 2nd period - Frans Nielsen is hit by Dwight King and loses puck.
6:32 of 2nd period - Off-side.
6:33 of 2nd period - Jiri Hudler wins face-off versus Frans Nielsen in neutral zone.
7:12 of 2nd period - Shot by Cam Atkinson.
7:12 of 2nd period - Stopped by Ryan Miller without a rebound.
7:13 of 2nd period - Frans Nielsen wins face-off versus Brian Flynn in Blues zone.
7:14 of 2nd period - Shot by Jeff Skinner.
7:14 of 2nd period - Shot Misses the Net.
7:16 of 2nd period - Shot by Hampus Lindholm.
7:16 of 2nd period - Shot Misses the Net.
7:22 of 2nd period - Shot by Jeff Skinner.
7:22 of 2nd period - Shot Blocked by Braydon Coburn.
7:52 of 2nd period - Shot by Frans Nielsen.
7:52 of 2nd period - Shot Misses the Net.
8:11 of 2nd period - Cam Atkinson is hit by Niklas Kronwall and loses puck.
8:20 of 2nd period - Cam Atkinson is hit by Jay McClement and loses puck.
8:31 of 2nd period - Shot by Kris Versteeg.
8:31 of 2nd period - Shot Blocked by Nick Holden.
9:04 of 2nd period - Shot by Marian Hossa.
9:04 of 2nd period - Shot Misses the Net.
9:09 of 2nd period - Marian Hossa is hit by Johnny Boychuk and loses puck.
9:13 of 2nd period - Minor Penalty to Niklas Kronwall for Tripping.
9:14 of 2nd period - Mike Fisher wins face-off versus Frans Nielsen in Blues zone.
9:43 of 2nd period - Shot by Jeff Skinner.
9:43 of 2nd period - Shot Blocked by Chris Wideman.
10:06 of 2nd period - Icing by Mikko Koivu.
10:07 of 2nd period - Adam Cracknell wins face-off versus Mikko Koivu in Jets zone.
10:52 of 2nd period - Shot by Rickard Rakell.
10:52 of 2nd period - Stopped by Ryan Miller without a rebound.
10:53 of 2nd period - Kris Versteeg wins face-off versus Mikko Koivu in Blues zone.
11:25 of 2nd period - Shot by Brock Nelson.
11:25 of 2nd period - Deflect By Marian Hossa.
11:25 of 2nd period - Stopped by Ryan Miller with a rebound.
13:08 of 2nd period - Jay McClement is hit by Rickard Rakell and loses puck.
13:20 of 2nd period - Minor Penalty to Brock Nelson for Hooking.
13:21 of 2nd period - Radek Faksa wins face-off versus Cal Clutterbuck in Jets zone.
13:41 of 2nd period - Cal Clutterbuck is hit by Hampus Lindholm and loses puck.
13:52 of 2nd period - Jordie Benn is hit by Cal Clutterbuck.
14:21 of 2nd period - John-Michael Liles is hit by Radek Faksa and loses puck.
14:29 of 2nd period - Off-side.
14:30 of 2nd period - Brian Flynn wins face-off versus Frans Nielsen in neutral zone.
15:21 of 2nd period - Jamie Benn is hit by Adam Cracknell and loses puck.
15:34 of 2nd period - Shot by Cam Atkinson.
15:34 of 2nd period - Shot Misses the Net.
15:36 of 2nd period - Shot by Cam Atkinson.
15:36 of 2nd period - Stopped by Ryan Miller with a rebound.
15:38 of 2nd period - Shot by Jamie Benn.
15:38 of 2nd period - Shot Misses the Net.
15:58 of 2nd period - Shot by Jamie Benn.
15:58 of 2nd period - Stopped by Ryan Miller without a rebound.
15:59 of 2nd period - Radek Faksa wins face-off versus Brian Flynn in Blues zone.
15:59 of 2nd period - Radek Faksa is hit by Braydon Coburn.
16:09 of 2nd period - Shot by Jeff Skinner.
16:09 of 2nd period - Shot Blocked by John-Michael Liles.
17:19 of 2nd period - Shot by Mike Fisher.
17:19 of 2nd period - Shot Misses the Net.
18:09 of 2nd period - Icing by Brock Nelson.
18:10 of 2nd period - Mika Zibanejad wins face-off versus Jay McClement in Jets zone.
18:50 of 2nd period - Jay McClement is hit by Rickard Rakell and loses puck.
Goals for this period are 0 for Jets vs 1 for Blues.
Shots for this period are 10 for Jets vs 4 for Blues.

3rd period


0:01 of 3rd period - Mike Fisher wins face-off versus Frans Nielsen in neutral zone.
0:07 of 3rd period - Minor Penalty to Mike Fisher for Hooking.
0:08 of 3rd period - Mikko Koivu wins face-off versus Adam Cracknell in Blues zone.
0:11 of 3rd period - Shot by Mikko Koivu.
0:11 of 3rd period - Shot Blocked by Johnny Boychuk.
0:37 of 3rd period - Shot by Cam Atkinson.
0:37 of 3rd period - Stopped by Ryan Miller without a rebound.
0:38 of 3rd period - Frans Nielsen wins face-off versus Brian Flynn in Blues zone.
0:44 of 3rd period - Shot by Rickard Rakell.
0:44 of 3rd period - Stopped by Ryan Miller without a rebound.
0:45 of 3rd period - Frans Nielsen wins face-off versus Adam Cracknell in Blues zone.
1:14 of 3rd period - Shot by Jeff Skinner.
1:14 of 3rd period - Stopped by Ryan Miller without a rebound.
1:15 of 3rd period - Mikko Koivu wins face-off versus Brian Flynn in Blues zone.
1:29 of 3rd period - Shot by Mikko Koivu.
1:29 of 3rd period - Stopped by Ryan Miller without a rebound.
1:30 of 3rd period - Mikko Koivu wins face-off versus Brian Flynn in Blues zone.
1:33 of 3rd period - Shot by Cam Atkinson.
1:33 of 3rd period - Stopped by Ryan Miller without a rebound.
1:34 of 3rd period - Mikko Koivu wins face-off versus Brian Flynn in Blues zone.
1:56 of 3rd period - Shot by Nick Holden.
1:56 of 3rd period - Stopped by Ryan Miller without a rebound.
1:57 of 3rd period - Rickard Rakell wins face-off versus Adam Cracknell in Blues zone.
2:06 of 3rd period - Shot by Rickard Rakell.
2:06 of 3rd period - Shot Misses the Net.
2:17 of 3rd period - Brock Nelson is hit by Johnny Boychuk and loses puck.
2:34 of 3rd period - Shot by Mika Zibanejad.
2:34 of 3rd period - Shot Misses the Net.
2:58 of 3rd period - Shot by Frans Nielsen.
2:58 of 3rd period - Shot Misses the Net.
3:18 of 3rd period - Shot by Frans Nielsen.
3:18 of 3rd period - Deflect By Jeff Skinner.
3:18 of 3rd period - Stopped by Ryan Miller without a rebound.
3:19 of 3rd period - Mikko Koivu wins face-off versus Brian Flynn in Blues zone.
3:24 of 3rd period - Shot by Cam Atkinson.
3:24 of 3rd period - Stopped by Ryan Miller without a rebound.
3:25 of 3rd period - Mikko Koivu wins face-off versus Mike Fisher in Blues zone.
5:03 of 3rd period - Shot by Jiri Hudler.
5:03 of 3rd period - Shot Misses the Net.
5:47 of 3rd period - Shot by Dwight King.
5:47 of 3rd period - Shot Misses the Net.
5:55 of 3rd period - Shot by Jay McClement.
5:55 of 3rd period - Stopped by Keith Kinkaid with a rebound.
6:29 of 3rd period - Marian Hossa is hit by Mike Fisher and loses puck.
6:47 of 3rd period - Icing by Carl Gunnarsson.
6:48 of 3rd period - Mike Fisher wins face-off versus Radek Faksa in Blues zone.
7:16 of 3rd period - Off-side.
7:17 of 3rd period - Jacob Josefson wins face-off versus Mika Zibanejad in neutral zone.
7:39 of 3rd period - Shot by Jiri Hudler.
7:39 of 3rd period - Stopped by Keith Kinkaid without a rebound.
7:40 of 3rd period - Frans Nielsen wins face-off versus Jay McClement in Jets zone.
8:11 of 3rd period - Icing by Kris Versteeg.
8:12 of 3rd period - Mika Zibanejad wins face-off versus Kris Versteeg in Blues zone.
8:46 of 3rd period - Shot by Mike Fisher.
8:46 of 3rd period - Shot Misses the Net.
8:57 of 3rd period - Icing by Hampus Lindholm.
8:58 of 3rd period - Mika Zibanejad wins face-off versus Cal Clutterbuck in Jets zone.
8:58 of 3rd period - Marian Hossa is hit by Cal Clutterbuck and loses puck.
9:02 of 3rd period - Icing by Jonas Brodin.
9:03 of 3rd period - Brian Flynn wins face-off versus Mika Zibanejad in Jets zone.
9:16 of 3rd period - Brock Nelson is hit by Cal Clutterbuck.
9:53 of 3rd period - Shot by Cam Atkinson.
9:53 of 3rd period - Shot Misses the Net.
10:33 of 3rd period - Mikko Koivu is hit by Braydon Coburn and loses puck.
10:41 of 3rd period - Icing by John-Michael Liles.
10:42 of 3rd period - Frans Nielsen wins face-off versus Jay McClement in Blues zone.
10:51 of 3rd period - Shot by Rickard Rakell.
10:51 of 3rd period - Stopped by Ryan Miller without a rebound.
10:52 of 3rd period - Radek Faksa wins face-off versus Brian Flynn in Blues zone.
10:52 of 3rd period - Radek Faksa is hit by Chris Wideman.
11:00 of 3rd period - Shot by Brian Flynn.
11:00 of 3rd period - Shot Blocked by Connor Carrick.
11:09 of 3rd period - Minor Penalty to Bryan Rust for Interference.
11:10 of 3rd period - Cal Clutterbuck wins face-off versus Radek Faksa in Jets zone.
13:32 of 3rd period - Shot by Jiri Hudler.
13:32 of 3rd period - Stopped by Keith Kinkaid without a rebound.
13:33 of 3rd period - Frans Nielsen wins face-off versus Brian Flynn in Jets zone.
13:53 of 3rd period - Cal Clutterbuck is hit by Jordie Benn and loses puck.
13:56 of 3rd period - Shot by Brian Flynn.
13:56 of 3rd period - Shot Blocked by Jordie Benn.
14:14 of 3rd period - Shot by Rick Nash.
14:14 of 3rd period - Stopped by Keith Kinkaid without a rebound.
14:15 of 3rd period - Jacob Josefson wins face-off versus Mikko Koivu in Jets zone.
14:15 of 3rd period - Jacob Josefson is hit by Jonas Brodin.
14:27 of 3rd period - Shot by Jacob Josefson.
14:27 of 3rd period - Shot Misses the Net.
14:29 of 3rd period - Shot by Adam Cracknell.
14:29 of 3rd period - Deflect By Jacob Josefson.
14:29 of 3rd period - Shot Blocked by Hampus Lindholm.
14:31 of 3rd period - Shot by Johnny Boychuk.
14:31 of 3rd period - Shot Misses the Net.
14:35 of 3rd period - Shot by Adam Cracknell.
14:35 of 3rd period - Deflect By Jiri Hudler.
14:35 of 3rd period - Shot Misses the Net.
15:02 of 3rd period - Icing by John-Michael Liles.
15:03 of 3rd period - Jay McClement wins face-off versus Brock Nelson in Blues zone.
15:46 of 3rd period - Off-side.
15:47 of 3rd period - Mike Fisher wins face-off versus Rickard Rakell in neutral zone.
16:06 of 3rd period - Shot by Jeff Skinner.
16:06 of 3rd period - Stopped by Ryan Miller without a rebound.
16:07 of 3rd period - Brian Flynn wins face-off versus Mikko Koivu in Blues zone.
16:20 of 3rd period - Icing by Johnny Boychuk.
16:21 of 3rd period - Brian Flynn wins face-off versus Frans Nielsen in Blues zone.
16:21 of 3rd period - Michael Raffl is hit by Frans Nielsen and loses puck.
16:39 of 3rd period - Icing by Niklas Kronwall.
16:40 of 3rd period - Mikko Koivu wins face-off versus Brian Flynn in Blues zone.
16:41 of 3rd period - Shot by Cam Atkinson.
16:41 of 3rd period - Deflect By Jamie Benn.
16:41 of 3rd period - Shot Misses the Net.
16:47 of 3rd period - Shot by Cam Atkinson.
16:47 of 3rd period - Shot Misses the Net.
18:04 of 3rd period - Off-side.
18:05 of 3rd period - Jay McClement wins face-off versus Brock Nelson in neutral zone.
18:30 of 3rd period - Kris Versteeg is hit by Matt Irwin and loses puck.
19:27 of 3rd period - Jets, Keith Kinkaid is pulled from the net.
19:38 of 3rd period - Off-side.
19:39 of 3rd period - Mikko Koivu wins face-off versus Mike Fisher in neutral zone.
19:57 of 3rd period - Shot by Jamie Benn.
19:57 of 3rd period - Shot Misses the Net.
19:59 of 3rd period - Shot by Mikko Koivu.
19:59 of 3rd period - Stopped by Ryan Miller without a rebound.
Goals for this period are 0 for Jets vs 0 for Blues.
Shots for this period are 11 for Jets vs 4 for Blues.